Construct Section Command Post
Selects Heavy Armor Battlegroup
Construct Platoon Command Post
Selects Rigorous Vehicle Training
Unlock M3 Stuart Light Tanks
Selects Light Vehicle Withdraw and Refit
Light Vehicle Withdraw and Refit
Light Vehicle Withdraw and Refit
Light Vehicle Withdraw and Refit
Construct Company Command Post
Unlock M3 Grant Medium Tanks
Selects Forward Repair Assembly
Selects UNKNOWN (2162094)
Construct Field Infirmary